 Dungeon Crawl Stone Soup version 0.17.1-3-g152610e (webtiles) character file.

28 jacquesderrida the Caller (level 3, -1/24 HPs)
             Began as a Demonspawn Summoner on Apr 28, 2016.
             Was an Initiate of Ashenzari.
             Slain by a giant newt (2 damage)
             ... on level 3 of the Dungeon.
             The game lasted 00:04:22 (792 turns).

jacquesderrida the Caller (Demonspawn Summoner)      Turns: 792, Time: 00:04:22

Health: -1/24      AC:  2    Str:  8    XL:     3   Next: 0%
Magic:  0/6        EV: 12    Int: 17    God:    Ashenzari [......]
Gold:   57         SH:  0    Dex: 13    Spells: 2 memorised, 3 levels left

rFire  . . .     SeeInvis .     a - +0 rod of inaccuracy (10/13)
rCold  + . .     Clarity  .     l - +0 robe
rNeg   . . .     SustAt   .     (no shield)
rPois  .         Gourm    .     (helmet restricted)
rElec  .         Spirit   +     (no cloak)
rCorr  .         Warding  .     (no gloves)
rMut   .         Stasis   .     (no boots)
MR     .....                    (no amulet)
Stlth  ++........               (no ring)
                                j - ring of protection from cold

@: not resistant to hostile enchantments, unstealthy
A: hooves 1, horns 1, magic shield
a: Renounce Religion


You were on level 3 of the Dungeon.
You worshipped Ashenzari.
Ashenzari was noncommittal.
You were hungry.

You visited 1 branch of the dungeon, and saw 3 of its levels.

You collected 57 gold pieces.

Inventory:

Hand Weapons
 d - a +0 dagger
 e - a +0 short sword
Armour
 l - a +0 robe (worn)
Rods
 a - a +0 rod of inaccuracy (10/13) (weapon)
   (You found it on level 3 of the Dungeon)
Jewellery
 j - a ring of protection from cold (left hand)
Wands
 g - a wand of slowing (27)
 k - a wand of polymorph (19)
Scrolls
 h - 2 scrolls of remove curse
 m - a scroll of teleportation {unknown}
Books
 b - a book of Callings

   Spells                             Type                      Level
   a - Summon Small Mammal            Summoning                    1
   b - Call Imp                       Summoning                    2
   c - Call Canine Familiar           Summoning                    3
   d - Summon Guardian Golem          Hexes/Summoning              3
   e - Summon Lightning Spire         Summoning/Air                4
   f - Summon Ice Beast               Ice/Summoning                4
Comestibles
 c - a bread ration
 n - 2 chunks of flesh


   Skills:
 - Level 1.7 Dodging
 - Level 1.7 Stealth
 - Level 2.0 Spellcasting
 + Level 5.0 Summonings


You had 3 spell levels left.
You knew the following spells:

 Your Spells              Type           Power        Failure   Level  Hunger
a - Summon Small Mammal   Summ           ###.         2%          1    #......
b - Call Imp              Summ           ###.....     3%          2    ###....


Dungeon Overview and Level Annotations

Branches:
Dungeon (3/15)

Altars:
Ashenzari


Innate Abilities, Weirdness & Mutations

You have large cloven feet.
When hurt, damage is shared between your health and your magic reserves.
You have a pair of small horns on your head.


Message History

You see here a goblin skeleton.
The giant newt hisses menacingly.
You float gracefully downwards.
A hobgoblin comes into view. It is wielding a club.
The hobgoblin moves out of view.
Found 13 sling bullets.
Things that are here:
an uncursed hunting sling; 6 stones; a goblin corpse
Things that are here:
an uncursed club; a scroll labeled MELOR SONANWU; a hobgoblin corpse Your white imp disappears in a puff of smoke!
You see here 8 gold pieces.
The giant newt bites you.
* * * LOW HITPOINT WARNING * * *
The goblin shouts!
The goblin shoots a sling bullet.
The sling bullet hits you!
* * * LOW HITPOINT WARNING * * *
Unknown command.
The giant newt bites you.
You die...

............ ...........#
.(.......#.# .........#.# ..
.........#.# ....
........#.## ##..>. #
#......g##......
.##.#..$...l..............#
..#.#..))..@5..#.##g.......
............)....#.........
##......†.....####..(......
###...........# #.........
..............## #.........
###.....[......###.........
#..#..(....#.............#
#....#....((...............#
#...........#(....÷..........


You could see a hobgoblin, a giant newt and a friendly crimson imp.

Vanquished Creatures
  A bat (D:1)
  A goblin (D:3)
  A kobold (D:2)
  A quokka (D:2)
4 creatures vanquished.

Vanquished Creatures (collateral kills)
  An adder (D:3)
  An ooze (D:2)
  A worm (D:2)
  2 orcs (D:3)
  A giant cockroach (D:3)
  3 goblins
  3 hobgoblins (D:3)
  5 kobolds
  A giant newt (D:2)
  2 rats (D:2)
20 creatures vanquished.

Grand Total: 24 creatures vanquished

Notes
Turn   | Place    | Note
--------------------------------------------------------------
     0 | D:1      | jacquesderrida the Demonspawn Summoner began the quest for the Orb.
     0 | D:1      | Reached XP level 1. HP: 13/13 MP: 3/3
   463 | D:2      | Gained mutation: You have large cloven feet. [demonic ancestry]
   463 | D:2      | Reached XP level 2. HP: 16/19 MP: 1/5
   512 | D:2      | Found a shattered altar of Ashenzari.
   569 | D:2      | Became a worshipper of Ashenzari the Shackled
   641 | D:3      | Learned a level 2 spell: Call Imp
   711 | D:3      | Identified a +0 rod of inaccuracy (13/13) (You found it on level 3 of the Dungeon)
   749 | D:3      | Reached skill level 5 in Summonings
   764 | D:3      | Gained mutation: You have a pair of small horns on your head. [potion of beneficial mutation]
   772 | D:3      | Gained mutation: When hurt, damage is shared between your health and your magic reserves. [demonic ancestry]
   772 | D:3      | Reached XP level 3. HP: 5/24 MP: 1/6
   791 | D:3      | HP: 1/24 [goblin/sling bullet[Robin] (4)]
   792 | D:3      | Slain by a giant newt

Action                   || total
-------------------------++-------
Melee: Dagger            ||     9
       Short sword       ||    11
 Cast: Summon Small Mamm ||    29
       Call Imp          ||     4
Evoke: Rod               ||     2
  Use: Potion            ||     2
 Stab: Sleeping          ||     1
